 Dungeon Crawl Stone Soup version 0.32-a0-39-g5c88369fb2 (webtiles) character file.

2060 Eptagon the Thaumaturge (level 9, -5/71 HPs)
             Began as a Gnoll Hedge Wizard on Oct 25, 2017.
             Shot with a sling bullet by Joseph (17 damage)
             ... on level 7 of the Dungeon on Feb 4, 2024.
             The game lasted 00:35:16 (9850 turns).

Eptagon the Thaumaturge (Gnoll Hedge Wizard)        Turns: 9850, Time: 00:35:17

Health: -5/71      AC: 10    Str: 12    XL:     9   Next: 25%
Magic:  20/21      EV: 13    Int: 22    God:
Gold:   394        SH:  0    Dex: 14    Spells: 18/24 levels left

rFire   + . .        a - +1 halberd (holy)
rCold   . . .        (shield currently unavailable)
rNeg    . . .        x - +2 scale mail {rF+}
rPois   .            o - +0 hat
rElec   .            (no cloak)
rCorr   .            E - +0 pair of gloves
SInv    .            (no boots)
Will    .....        (no amulet)
Stlth   ++           w - ring of wizardry
HPRegen 0.31/turn    D - +2 ring of evasion
MPRegen 0.17/turn

%: wizardry (x1)
@: no status effects
A: fangs 1, strong nose, distributed training, antennae 1, robust 1
a: no special abilities


You were on level 7 of the Dungeon.
You visited 1 branch of the dungeon, and saw 7 of its levels.

You collected 394 gold pieces.

Inventory:

Hand Weapons
 a - a +1 halberd of holy wrath (weapon)
Missiles
 m - 3 poisoned darts
Armour
 o - a +0 hat (worn)
 x - a +2 scale mail of fire resistance (worn)
 E - a +0 pair of gloves (worn)
Jewellery
 l - a ring of protection from cold
 w - a ring of wizardry (left hand)
 D - a +2 ring of evasion (right hand)
Wands
 C - a wand of charming (11)
Scrolls
 b - a scroll of enchant armour {unknown}
 c - a scroll of enchant weapon {unknown}
 d - a scroll of fog
 i - 3 scrolls of identify {unknown}
 j - a scroll of removedness
 p - a scroll of blinking {unknown}
 q - a scroll of noise {unknown}
 r - a scroll of amnesia {unknown}
 t - 2 scrolls of fear
 y - 2 scrolls of immolation {unknown}
 B - a scroll of revelation
Potions
 e - 2 potions of berserk rage {unknown}
 f - a potion of heal wounds {unknown}
 g - a potion of enlightenment
 h - 2 potions of mutation
 k - a potion of haste
 n - a potion of cancellation {unknown}
 u - a potion of brilliance
 v - 3 potions of curing
 A - a potion of invisibility {unknown}


   Skills:
 + Level 4.0 Fighting
 + Level 4.0 Short Blades
 + Level 4.0 Long Blades
 + Level 4.0 Axes
 + Level 4.0 Maces & Flails
 + Level 4.0 Polearms
 + Level 4.0 Staves
 + Level 4.0 Ranged Weapons
 + Level 4.0 Throwing
 + Level 4.0 Armour
 + Level 6.2 Dodging
 + Level 5.9 Stealth
 + Level 4.0 Shields
 + Level 4.0 Unarmed Combat
 + Level 8.3 Spellcasting
 + Level 4.0 Conjurations
 + Level 3.3 Hexes
 + Level 4.0 Summonings
 + Level 3.3 Necromancy
 + Level 4.0 Translocations
 + Level 3.3 Fire Magic
 + Level 3.3 Ice Magic
 + Level 3.3 Air Magic
 + Level 3.3 Earth Magic
 + Level 3.3 Alchemy
 + Level 4.4 Invocations
 + Level 4.0 Evocations
 + Level 3.6 Shapeshifting


You had 18 spell levels left.
You knew the following spells:

 Your Spells              Type           Power      Damage    Failure   Level
a - Magic Dart            Conj           100%       1d8       2%          1
b - Blink                 Tloc           52%        N/A       4%          2
d - Mephitic Cloud        Conj/Alch/Air  24%        N/A       10%         3

Your spell library contained the following spells:

 Spells                   Type           Power      Damage    Failure   Level
 Call Imp                 Summ           52%        N/A       4%          2


Dungeon Overview and Level Annotations

Branches:
Dungeon (7/15)
 Temple: D:4-7

Altars:
Hepliaklqana
Ru
Vehumet

Annotations:
D:7 Joseph


Innate Abilities, Weirdness & Mutations

You have very sharp teeth.
Your uncanny sense of smell can sniff out nearby items.
Your experience applies equally to all skills.
You have a pair of small antennae on your head.
You are robust. (+10% HP)


Message History

The killer bee zombie hits you but does no damage.
Joseph shoots a sling bullet.
The sling bullet closely misses you. The ogre hits you with a +0 giant club!
* * * LOW HITPOINT WARNING * * *
A gnoll comes into view. It is wielding a +0 halberd.
Found a +5 ring of evasion.
The killer bee zombie hits you but does no damage.
Your centaur unwields a +0 shortbow.
Your centaur closely misses the killer bee zombie. x2
The killer bee zombie hits you but does no damage.
You completely miss the killer bee zombie.
Your bite misses the killer bee zombie.
Your centaur misses the killer bee zombie. x2
The killer bee zombie closely misses you.
Your centaur closely misses the killer bee zombie.
Your centaur barely misses the killer bee zombie.
Joseph shoots a sling bullet.
The sling bullet barely misses your centaur.
The sling bullet barely misses you.
Found a ring mail.
Your centaur wields a +0 shortbow.
Your centaur shoots an arrow.
Your centaur unwields a +0 shortbow.
Your centaur completely misses the killer bee zombie.
Your centaur kicks the killer bee zombie.
Found a plate armour.
The killer bee zombie closely misses something.
Something hits the killer bee zombie.
Something barely misses the killer bee zombie.
Sorry, you're not good enough to have a special ability.
Reach: a) +1 halberd (holy)
Press: ? - help, Dir - move target, f - ogre
Aim: an ogre, wielding a +0 giant club (severely wounded, about 27% to evade your +1 halberd of holy wrath)
You reach to attack!
You hit the ogre.
The ogre is severely wounded.
The killer bee zombie closely misses something.
Something hits the killer bee zombie.
The killer bee zombie is destroyed!
Joseph shoots a sling bullet.
The sling bullet hits you!
You die...

#..... ∆∆ #.... #.....#
#...# ..
#......#####..@.# ..
............@..# ##
#.........c..# ..
#..........### ....
........##...# ∆....
#.......O....### ....
#..♣.♣..@.#....# .... ..
♣ ♣!..##....# ### ....
....... .#..###<##....
♣.♣♣♣..♣...#.#..........
♣..♣.[##.....##.....
♣.♣♣.......### ##### ♣[
♣......## ♣. ♣....$.
....... ∆


You could see Joseph and an ogre.

Vanquished Creatures
  Menkaure (D:3)
  An ice beast (D:6)
  A sky beast (D:6)
  An ogre (D:4)
  A wolf (D:7)
  A centaur (D:5)
  2 bullfrogs
  A gnoll sergeant (D:3)
  A howler monkey (D:3)
  A jelly (D:6)
  A bullfrog skeleton (D:4)
  3 hounds
  An orc priest (D:4)
  A gnoll bouda (D:3)
  Terence (D:2)
  8 orc wizards
  Ijyb (D:4)
  A removed worker ant (D:4)
  3 ghosts (D:5)
  2 hound skeletons
  47 gnolls
  7 adders
  2 ufetubi (D:6)
  2 endoplasms
  An adder skeleton (D:4)
  3 dart slugs
  A ribbon worm (D:2)
  21 orcs
  2 removed leopard geckos
  6 giant cockroaches
  7 hobgoblins
  17 jackals
  6 kobolds
  2 quokkas (D:3)
  5 ball pythons
  8 bats
  5 frilled lizards
  6 goblins
  7 rats
188 creatures vanquished.

Vanquished Creatures (collateral kills)
  A wight (D:6)
  A killer bee zombie (D:7)
2 creatures vanquished.

Vanquished Creatures (others)
  2 wights (D:6)
2 creatures vanquished.

Grand Total: 192 creatures vanquished

Notes
Turn   | Place    | Note
-------+----------+-------------------------------------------
     0 | D:1      | Eptagon the Gnoll Wizard began the quest for the Orb.
     0 | D:1      | Reached XP level 1. HP: 13/13 MP: 8/8
   220 | D:1      | Reached XP level 2. HP: 19/19 MP: 5/10
   642 | D:1      | Learned a level 2 spell: Blink
   818 | D:1      | Reached XP level 3. HP: 25/25 MP: 11/11
  1294 | D:2      | Learned a level 7 spell: Conjure Flame
  1298 | D:2      | Learned a level 3 spell: Mephitic Cloud
  1388 | D:2      | Found a sacrificial altar of Ru.
  1409 | D:2      | Reached skill level 1 in Invocations
  1420 | D:2      | Reached skill level 1 in Fighting
  1420 | D:2      | Reached skill level 1 in Short Blades
  1420 | D:2      | Reached skill level 1 in Long Blades
  1420 | D:2      | Reached skill level 1 in Axes
  1420 | D:2      | Reached skill level 1 in Maces & Flails
  1420 | D:2      | Reached skill level 1 in Polearms
  1420 | D:2      | Reached skill level 1 in Staves
  1420 | D:2      | Reached skill level 1 in Slings
  1420 | D:2      | Reached skill level 1 in Ranged Weapons
  1420 | D:2      | Reached skill level 1 in Crossbows
  1420 | D:2      | Reached skill level 1 in Throwing
  1420 | D:2      | Reached skill level 1 in Armour
  1420 | D:2      | Reached skill level 1 in Shields
  1420 | D:2      | Reached skill level 1 in Unarmed Combat
  1420 | D:2      | Reached skill level 1 in Evocations
  1599 | D:2      | Reached XP level 4. HP: 32/32 MP: 3/13
  2064 | D:3      | Noticed Terence
  2332 | D:2      | Killed Terence
  2332 | D:2      | Reached skill level 1 in Hexes
  2332 | D:2      | Reached skill level 1 in Charms
  2332 | D:2      | Reached skill level 1 in Necromancy
  2332 | D:2      | Reached skill level 1 in Transmutations
  2332 | D:2      | Reached skill level 1 in Fire Magic
  2332 | D:2      | Reached skill level 1 in Ice Magic
  2332 | D:2      | Reached skill level 1 in Air Magic
  2332 | D:2      | Reached skill level 1 in Earth Magic
  2332 | D:2      | Reached skill level 1 in Alchemy
  2601 | D:3      | Upgraded the game from 0.21-a0-401-g0b6bec4 to
                  | 0.21-a0-402-gcbae7d1
  2712 | D:3      | Reached XP level 5. HP: 37/37 MP: 2/14
  3517 | D:3      | Reached XP level 6. HP: 44/44 MP: 4/16
  3726 | D:3      | Reached skill level 5 in Dodging
  3867 | D:3      | Reached XP level 7. HP: 50/50 MP: 7/18
  5192 | D:4      | Noticed Ijyb
  5201 | D:4      | Noticed Menkaure
  5725 | D:4      | Reached skill level 5 in Stealth
  5769 | D:3      | Killed Menkaure
  6076 | D:3      | Reached XP level 8. HP: 56/57 MP: 15/19
  6617 | D:4      | Killed Ijyb
  7105 | D:4      | Got a distressingly furry leather armour
  7116 | D:4      | Identified the +1 leather armour of the Blessed Realm
                  | {SInv} (You found it on level 4 of the Dungeon)
  7465 | D:5      | Entered Level 5 of the Dungeon
  7466 | D:5      | Upgraded the game from 0.21-a0-402-gcbae7d1 to
                  | 0.21-a0-509-gecc5317402
  7497 | D:5      | Reached skill level 8 in Spellcasting
  8617 | D:6      | Gained mutation: You have a pair of small antennae on your
                  | head. [potion of mutation]
  8617 | D:6      | Gained mutation: You are robust. (+10% HP) [potion of
                  | mutation]
  8799 | D:6      | You fall into a shaft and drop 1 floor!
  8845 | D:7      | Reached XP level 9. HP: 8/71 MP: 21/21
  9281 | D:6      | Identified the +0 scale mail of Charity {Rampage}
  9766 | D:6      | Found a hazy altar of Hepliaklqana.
  9766 | D:6      | Found a sacrificial altar of Ru.
  9767 | D:6      | Found a radiant altar of Vehumet.
  9842 | D:7      | Noticed Joseph
  9850 | D:7      | Shot with a sling bullet by Joseph

Illustrated notes

Levels and vault maps discovered:
D:1:      matt_arrival_diagonals
D:2:      first_bread, hangedman_ru_absence
D:3:      lemuel_castle_with_subvaults, grunt_ministairs_5, uniq_terence
D:4:      uniq_menkaure, uniq_ijyb
D:6:      layout_rooms, gammafunk_temple_overflow_claw
D:7:      layout_cave_pools, tso_oasis_becter, nicolae_yredelemnul_corpse_copse,
          minmay_temple_entry_junction, gammafunk_ghost_wrathful_warriors,
          serial_gnoll_camp, gnoll_camp_huts_basic, gnoll_camp_mini_house,
          gnoll_camp_mini_hut, gnoll_camp_mini_basic, grunt_decor_arrowhead,
          uniq_joseph, uniq_crazy_yiuf_cottage

Skill      XL: |  1  2  3  4  5  6  7  8  9 |
---------------+----------------------------+-----
Conjurations   | 2 3 4 |  4.0
Summonings     | 2 3 4 |  4.0
Translocations | 2 3 4 |  4.0
Invocations    | 1 2 3 4 |  4.4
Fighting       | 1 2 3 4 |  4.0
Short Blades   | 1 2 3 4 |  4.0
Long Blades    | 1 2 3 4 |  4.0
Axes           | 1 2 3 4 |  4.0
Maces & Flails | 1 2 3 4 |  4.0
Polearms       | 1 2 3 4 |  4.0
Staves         | 1 2 3 4 |  4.0
Slings         | 1 2 3 |  0.0
Ranged Weapons | 1 2 3 4 |  4.0
Crossbows      | 1 2 3 |  0.0
Throwing       | 1 2 3 4 |  4.0
Armour         | 1 2 3 4 |  4.0
Shields        | 1 2 3 4 |  4.0
Unarmed Combat | 1 2 3 4 |  4.0
Evocations     | 1 2 3 4 |  4.0
Hexes          | 1 2 3 |  3.3
Charms         | 1 2 3 |  0.0
Necromancy     | 1 2 3 |  3.3
Transmutations | 1 2 3 |  0.0
Fire Magic     | 1 2 3 |  3.3
Ice Magic      | 1 2 3 |  3.3
Air Magic      | 1 2 3 |  3.3
Earth Magic    | 1 2 3 |  3.3
Alchemy        | 1 2 3 |  3.3
Dodging        | 5 6 |  6.2
Stealth        | 5 |  5.9
Shapeshifting  | 3 |  3.6
Spellcasting   | 8 |  8.3

Action                     |  1- 3 |  4- 6 |  7- 9 || total
---------------------------+-------+-------+-------++-------
  Melee: Unarmed           |     6 |       |       ||     6
         Mace              |    17 |    70 |   239 ||   326
         Punch             |     1 |     7 |    14 ||    22
         Touch             |       |     2 |       ||     2
         Halberd           |       |       |    29 ||    29
         Bite              |       |       |    21 ||    21
   Fire: Sling             |     7 |       |    30 ||    37
   Cast: Magic Dart        |    61 |    66 |   192 ||   319
         Conjure Flame     |     1 |     9 |       ||    10
         Mephitic Cloud    |     1 |    31 |    45 ||    77
         Blink             |       |       |     2 ||     2
  Evoke: Wand              |       |       |    11 ||    11
    Use: Scroll            |       |     3 |     2 ||     5
         Potion            |       |       |     6 ||     6
   Stab: Distracted        |     1 |       |       ||     1
         Sleeping          |     1 |     1 |     2 ||     4
         Confused          |       |     2 |     2 ||     4
    Eat: Removed food      |     2 |     7 |    11 ||    20
 Armour: Robe              |       |    13 |     5 ||    18
         Leather armour    |       |       |   109 ||   109
         Scale mail        |       |       |    51 ||    51
  Dodge: Dodged            |    25 |    91 |   331 ||   447

Table legend: (Time is in decaauts)
 A = Elapsed time spent in this place.
 B = Non-inter-level travel time spent in this place.
 C = Inter-level travel time spent in this place.
 D = Time resting spent in this place.
 E = Time spent auto-exploring this place.
 F = Levels seen in this place.
 G = Mean time per level.
                   A        B        C        D        E       F      G
               +--------+--------+--------+--------+--------+-----+--------+
         Total |   9942 |   9559 |    383 |   2901 |   4458 |   7 | 1420.3 |
       Dungeon |   9942 |   9559 |    383 |   2901 |   4458 |   7 | 1420.3 |
               +--------+--------+--------+--------+--------+-----+--------+

Top non-repeatable levels by time:
     D:5: 1085 daAuts
     D:6: 1035 daAuts
     D:7: 286 daAuts
Note: time per level data comes from an upgraded game and may be incomplete.
